 Dungeon Crawl Stone Soup version 0.24.0-1-gfbc8707122 (webtiles) character file.

Game seed: 10819180152539106539, levelgen mode: deterministic

382 Chiseanne the Sneak (level 6, -6/40 HPs)
             Began as an Octopode Air Elementalist on Oct 28, 2019.
             Mangled by an ogre
             ... wielding a +0 giant club
              (8 damage)
             ... on level 5 of the Dungeon.
             The game lasted 00:10:14 (5550 turns).

Chiseanne the Sneak (Octopode Air Elementalist)     Turns: 5550, Time: 00:10:14

Health: -6/40      AC:  1    Str:  8    XL:     6   Next: 76%
Magic:  0/10       EV: 14    Int: 19    God:
Gold:   225        SH:  0    Dex: 12    Spells: 4/11 levels left

rFire    . . .     SeeInvis .   a - +1 hand axe (freeze)
rCold    + . .     Gourm    .   (no shield)
rNeg     . . .     Faith    .   (helmet restricted)
rPois    .         Spirit   .   (no amulet)
rElec    .         Reflect  .   j - ring of protection from cold
rCorr    .         Harm     .   (no ring)
MR       .....                  (no ring)
Stlth    ++++......             (no ring)
HPRegen  0.13/turn              (no ring)
MPRegen  0.12/turn              (no ring)
                                (no ring)
                                (no ring)

@: sluggish, very slow
A: almost no armour, stealthy swim, amphibious, 8 rings, constrict 8, camouflage
1, gelatinous body 1
a: no special abilities


You were on level 5 of the Dungeon.
You were not hungry.

You visited 1 branch of the dungeon, and saw 5 of its levels.

You collected 225 gold pieces.

Inventory:

Hand Weapons
 a - a +1 hand axe of freezing (weapon)
 c - a +0 club
 w - a +2 dagger of freezing
 x - the +10 dagger "Fafin" {pierce, rPois, unknown}
   (You found it on level 4 of the Dungeon)

   It inflicts extra damage upon your enemies.
   It protects you from poison.
Missiles
 d - 247 stones
 g - 6 poisoned darts (quivered)
 i - 96 arrows
 n - 28 sling bullets
 t - 38 bolts
Jewellery
 j - a ring of protection from cold (left tentacle)
 s - an uncursed ring of magical power {unknown}
Wands
 h - a wand of polymorph (10)
 r - a wand of iceblast (5)
Scrolls
 k - a scroll of enchant armour
 q - a scroll of teleportation
 v - 2 scrolls of immolation
Potions
 e - 2 potions of lignification {unknown}
 f - 2 potions of cancellation {unknown}
 l - 4 potions of curing
 m - a potion of magic {unknown}
 o - a potion of heal wounds {unknown}
 p - 2 potions of flight {unknown}
 u - a potion of brilliance {unknown}
Comestibles
 b - 10 rations
 z - 6 chunks of flesh


   Skills:
 * Level 2.3 Fighting
 * Level 3.2 Dodging
 * Level 4.7 Stealth
 * Level 3.1 Spellcasting
 * Level 2.8 Conjurations
 * Level 4.0 Air Magic


You had 4 spell levels left.
You knew the following spells:

 Your Spells              Type           Power        Failure   Level  Hunger
a - Shock                 Conj/Air       ###.         3%          1    None
b - Swiftness             Chrm/Air       ##......     10%         2    ##.....
c - Airstrike             Air            ###.......   28%         4    ####...

Your spell library contained the following spells:

 Spells                   Type           Power        Failure   Level  Hunger
 Static Discharge         Conj/Air       ###.....     11%         3    ###....
 Lightning Bolt           Conj/Air       ###.......   71%         5    ######.


Dungeon Overview and Level Annotations

Branches:
Dungeon (5/15)             Temple (0/1) D:5

Altars:
Ashenzari
Elyvilon
Fedhas
Gozag
Kikubaaqudgha
Okawaru
Ru
Uskayaw
Zin

Annotations:
D:2 Sigmund
D:4 4 runed translucent doors, exclusion: ogre


Innate Abilities, Weirdness & Mutations

You cannot wear most types of armour.
You are very stealthy in the water. (Stealth+)
You are amphibious.
You can wear up to eight rings at the same time.
You can use your tentacles to constrict eight enemies at once.
Your skin changes colour to match your surroundings (Stealth+).
Your rubbery body absorbs attacks. (AC +1, EV +1)


Message History

* * * LOW HITPOINT WARNING * * *
Okay, then.
Okay, then.
Casting: Shock (safe; 3% risk of failure)
Confirm with . or Enter, or press ? or * to list all spells.
Aiming: Shock (safe; 3% risk of failure)
Press: ? - help, Shift-Dir - straight line, f/p - ogre
Aim: an ogre, wielding a +0 giant club (almost dead)
The zap hits the ogre.
The ogre is almost dead.
The ogre completely misses you.
Casting: Shock (safe; 3% risk of failure)
Confirm with . or Enter, or press ? or * to list all spells.
Aiming: Shock (safe; 3% risk of failure)
Press: ? - help, Shift-Dir - straight line, f/p - ogre
Aim: an ogre, wielding a +0 giant club (almost dead)
The zap hits the ogre.
The ogre is almost dead.
The ogre hits you with a +0 giant club!
You die...

##########
#........#
#.######.#
#.#....#.#
#.#.<#.#.#
#.####.#.#
#......#.#
################.#
.......>...)))O@.#
######.##########
..........O...#
.#######......#
#8(..8#####..#
..#.....#^..#..#
⌠....>....⌠.÷..#
..#..!..#...#..#
#8...8#####..#


You could see an ogre.

Vanquished Creatures
  An ogre (D:4)
  A gnoll shaman (D:5)
  An orc wizard (D:4)
  2 worker ants
  4 gnolls (D:5)
  6 adders
  An adder zombie (D:5)
  3 worms
  2 dart slugs
  A leopard gecko (D:3)
  10 orcs
  2 ball pythons
  12 bats
  4 giant cockroaches
  6 goblins
  6 hobgoblins
  2 quokkas
  6 frilled lizards
  6 kobolds
  A leopard gecko skeleton (D:4)
  11 rats
88 creatures vanquished.

Notes
Turn   | Place    | Note
-------+----------+-------------------------------------------
     0 | D:1      | Chiseanne the Octopode Air Elementalist began the quest for
                  | the Orb.
     0 | D:1      | Reached XP level 1. HP: 11/11 MP: 3/3
   222 | D:2      | Reached XP level 2. HP: 17/17 MP: 0/5
   628 | D:1      | Reached XP level 3. HP: 22/22 MP: 1/6
  1089 | D:2      | Found a sacrificial altar of Ru.
  1217 | D:2      | Reached skill level 1 in Fighting
  1594 | D:2      | Noticed Sigmund
  1645 | D:2      | Reached XP level 4. HP: 18/28 MP: 0/7
  2416 | D:2      | Found a white marble altar of Elyvilon.
  2417 | D:2      | Found a hide-covered altar of Uskayaw.
  2580 | D:3      | Found an ancient bone altar of Kikubaaqudgha.
  2774 | D:3      | Found an opulent altar of Gozag.
  2774 | D:3      | Found a glowing silver altar of Zin.
  3001 | D:3      | Learned a level 2 spell: Swiftness
  3020 | D:3      | Learned a level 4 spell: Airstrike
  3450 | D:3      | Reached XP level 5. HP: 33/33 MP: 3/8
  3598 | D:3      | Found an iron altar of Okawaru.
  4039 | D:4      | Found a shattered altar of Ashenzari.
  4592 | D:4      | Found a large runed translucent door.
  4598 | D:4      | Found a large runed translucent door.
  4599 | D:4      | Noticed a hippogriff
  4612 | D:4      | Found a blossoming altar of Fedhas.
  4849 | D:4      | Got a twisted dagger
  4870 | D:4      | Found a large runed translucent door.
  4870 | D:4      | Found a large runed translucent door.
  4882 | D:4      | Noticed an ogre
  4908 | D:4      | Noticed an ogre
  4924 | D:4      | Killed an ogre
  4924 | D:4      | Reached XP level 6. HP: 33/39 MP: 1/10
  5122 | D:5      | Entered Level 5 of the Dungeon
  5511 | D:5      | Found a staircase to the Ecumenical Temple.
  5548 | D:5      | HP: 2/40 [ogre/+0 giant club (17)]
  5550 | D:5      | Mangled by an ogre

Levels and vault maps discovered:
D:1:      dpeg_arrival_windows_large_door, layout_rooms
D:2:      layout_loops_ring, lemuel_doored_altar,
          gammafunk_temple_overflow_statue, uniq_sigmund
D:3:      layout_loops_corners, grunt_temple_overflow_gold_and_silver,
          kiku_gazebo_pond_becter, lemuel_coloured_pillars_altar, first_ration
D:4:      layout_basic, overflow_temple_1_default, fedhas_ov_isle_minmay,
          minmay_hollow_rounded_squares
D:5:      wad_crossroads, layout_basic, led_xom_imps,
          minmay_temple_entry_antechambers, minmay_fractal_squares_diagonal_5

Skill      XL: |  1  2  3  4  5  6 |
---------------+-------------------+-----
Stealth        | 3 4 |  4.7
Fighting       | 1 2 |  2.3
Conjurations   | 2 |  2.8
Dodging        | 3 |  3.2
Spellcasting   | 3 |  3.1
Air Magic      | 4 |  4.0

Action                   |  1- 3 |  4- 6 || total
-------------------------+-------+-------++-------
Melee: Unarmed           |     4 |       ||     4
       Club              |     2 |       ||     2
       Constrict         |     2 |     7 ||     9
       Tentacles         |     1 |     2 ||     3
       Short sword       |     4 |     5 ||     9
       Hand axe          |       |    26 ||    26
Throw: Dart              |       |     2 ||     2
 Cast: Shock             |    84 |   140 ||   224
       Swiftness         |       |     2 ||     2
Evoke: Wand              |       |     1 ||     1
  Use: Scroll            |     4 |     5 ||     9
 Stab: Sleeping          |       |     1 ||     1
  Eat: Chunk             |     3 |     9 ||    12
       Ration            |       |     1 ||     1
Armor: Skin              |     3 |     4 ||     7
Dodge: Dodged            |     7 |    46 ||    53
